Map: Curious Minds LE

Players

Spanmeister

  • Race: Terran Terran

Maru - Winner!

  • Race: Terran Terran
  • League: Master

Event: DreamHack SC2 Masters Last Chance 2022

VOD

Have the link to the VOD?

Description

Time

  • Played on: Dec. 15, 2021, 4:13 a.m.
  • Length: 8:19

All games in this series

Show
View Real Time Build Order
Export as new Build Order

Spanmeister Terran 

Build Orders: Reaper Expand 

Get SALT Encoding   

  12  0:00  SCV  
  13  0:13  SCV  
  14  0:17  Supply Depot  
  14  0:25  SCV  
  15  0:39  SCV  
  16  0:43  Barracks  
  16  0:46  Refinery  
  16  0:51  SCV  
  17  1:03  SCV  
  18  1:15  SCV  
  19  1:30  Orbital Command  
  19  1:31  Reaper  
  20  1:44  Command Center  
  20  1:56  SCV  
  21  2:03  Supply Depot  
  21  2:05  Marine  
  21  2:15  SCV  
  22  2:17  Factory  
  22  2:19  Refinery  
  22  2:27  SCV  
  22  2:29  Bunker, Marine  
  24  2:39  SCV  
  25  2:47  Marine  
  26  2:51  SCV  
  26  2:56  Orbital Command  
  27  3:03  Factory Tech Lab  
  27  3:04  SCV  
  28  3:07  Starport  
  28  3:16  SCV  
  28  3:18  Barracks Reactor  
  29  3:24  Siege Tank  
  32  3:28  SCV  
  32  3:31  SCV  
  34  3:40  SCV  
  35  3:43  SCV  
  35  3:44  Viking  
  38  3:50  Supply Depot  
  38  3:52  SCV  
  38  3:54  Refinery  
  39  3:55  SCV  
  39  3:57  Siege Tank  
  43  4:03  Marine x2  
  43  4:04  SCV  
  46  4:11  SCV  
  46  4:13  Supply Depot  
  46  4:16  SCV  
  48  4:18  Starport Tech Lab  
  48  4:23  SCV  
  49  4:25  Marine x2  
  49  4:28  SCV  
  49  4:30  Supply Depot  
  52  4:35  SCV  
  52  4:36  Siege Tank  
  56  4:40  SCV  
  56  4:45  Reaper, Marine  
  59  4:47  SCV  
  60  4:52  SCV  
  60  4:53  Raven  
  60  4:54  Supply Depot  
  64  5:00  SCV  
  64  5:03  Marine  
  64  5:05  SCV, Command Center  
  66  5:08  Siege Tank  
  66  5:12  SCV  
  70  5:17  SCV  
  70  5:20  Supply Depot  
  71  5:23  Refinery  
  71  5:24  SCV  
  72  5:29  SCV  
  73  5:36  SCV  
  73  5:40  Siege Tank  
  73  5:41  SCV  
  78  5:45  Barracks  
  78  5:47  Barracks  
  78  5:48  SCV  
  79  5:51  Raven, Engineering Bay  
  79  5:53  SCV, Engineering Bay  
  82  6:00  SCV  
  82  6:03  Supply Depot  
  83  6:06  Supply Depot, SCV  
  83  6:07  Marine x2  
  86  6:17  SCV, Siege Tank  
  72  6:33  Marine x2  
  72  6:36  Marine x2  
  45  6:50  SCV  
  45  6:51  Marine x2  
  45  6:53  SCV  
  44  6:54  Marine x2  
  43  7:06  Orbital Command  
  43  7:07  SCV  
  43  7:08  SCV, Marine x2  
  45  7:10  Siege Tank  
  45  7:12  Marine x2  
  50  7:19  SCV  
  50  7:20  SCV  
  52  7:27  Raven  
  54  7:31  SCV  
  54  7:32  SCV  
  54  7:34  Barracks Reactor x2  
  56  7:40  SCV  
  56  7:42  Siege Tank  
  56  7:43  SCV  
  61  7:44  SCV  
  62  7:55  SCV  
  62  7:57  SCV  
  64  7:58  Marine  
  64  7:59  Marine  
  64  8:05  Sensor Tower  
Show
View Real Time Build Order
Export as new Build Order

Maru Terran - Winner!

Build Orders:  

Get SALT Encoding   

  12  0:00  SCV  
  13  0:13  SCV  
  14  0:17  Supply Depot  
  14  0:25  SCV  
  15  0:38  SCV  
  15  0:40  Barracks  
  15  0:42  Refinery  
  16  0:50  SCV  
  16  0:54  Refinery  
  17  1:02  SCV  
  18  1:15  SCV  
  19  1:27  Orbital Command  
  19  1:28  Supply Depot, Reaper  
  20  1:41  Factory  
  20  1:53  SCV  
  21  2:00  Barracks Reactor  
  21  2:05  SCV  
  22  2:17  SCV  
  23  2:24  Command Center  
  23  2:29  SCV  
  24  2:32  Starport  
  24  2:36  Factory Tech Lab  
  24  2:41  SCV  
  24  2:43  Marine x2  
  27  2:50  Supply Depot  
  27  2:53  SCV  
  28  3:01  Marine x2  
  28  3:03  Factory Tech Lab  
  30  3:08  SCV  
  31  3:16  Raven  
  33  3:20  SCV, Refinery  
  33  3:26  Cyclone  
  37  3:32  SCV  
  38  3:36  Orbital Command  
  38  3:40  Marine x2  
  40  3:44  SCV  
  41  3:52  Supply Depot  
  41  3:58  SCV  
  41  3:59  Raven  
  41  4:02  SCV  
  44  4:10  SCV  
  44  4:11  Siege Tank  
  44  4:14  SCV  
  49  4:20  Supply Depot, Marine x2  
  49  4:22  SCV  
  52  4:26  SCV  
  53  4:34  SCV  
  53  4:38  SCV, Marine x2  
  54  4:42  Raven  
  59  4:46  SCV, Command Center  
  59  4:50  SCV  
  59  4:51  Supply Depot  
  61  4:54  Siege Tank  
  64  5:00  Supply Depot, Marine x2  
  64  5:03  SCV  
  64  5:04  SCV  
  68  5:08  Refinery  
  68  5:16  SCV  
  68  5:17  SCV  
  70  5:26  Siege Tank  
  70  5:28  Barracks  
  73  5:29  SCV, Barracks  
  73  5:31  SCV  
  75  5:36  Marine  
  75  5:38  Viking  
  78  5:44  Viking  
  78  5:46  SCV  
  78  5:48  SCV  
  82  5:52  Stimpack  
  82  5:58  Engineering Bay  
  82  5:59  Engineering Bay  
  82  6:01  SCV  
  82  6:03  SCV  
  84  6:10  Siege Tank  
  87  6:14  Viking  
  87  6:15  Viking  
  91  6:20  SCV  
  92  6:32  Marine  
  91  6:34  Barracks Reactor x2  
  91  6:35  SCV  
  79  6:41  SCV  
  79  6:43  Orbital Command  
  79  6:44  Viking  
  79  6:45  Viking  
  75  6:50  Siege Tank, Marine  
  76  7:04  SCV x2  
  76  7:08  Marine  
  79  7:09  SCV  
  79  7:10  Marine  
  79  7:11  Marine x3  
  84  7:17  SCV, Viking x2  
  84  7:21  Supply Depot, SCV x2  
  91  7:26  Marine  
  91  7:28  Marine  
  93  7:31  Marine x2  
  93  7:32  Marine  
  93  7:36  SCV x3  
  99  7:43  Marine  
  99  7:44  Supply Depot  
  100  7:45  Supply Depot  
  100  7:46  Marine  
  100  7:47  Viking  
  100  7:48  SCV x2  
  100  7:49  SCV, Marine  
  107  7:58  Supply Depot  
  107  7:59  Supply Depot  
  107  8:00  Supply Depot, Refinery x2  

Tags
 
Add a new tag
Caveats
  • Supply blocks, unpowered buildings, or Contaminate may cause inaccurate times.
  • Supply counts are checked every 10 seconds.